[ AOE2 MATCH · #472406888 ]
UnrankedBulgarians vs Slavs
[ REPLAY ANALYSIS · EXTRACTED FROM THE RECORDED GAME ]
Feudal
11:57
Castle
16:39
Imperial
31:08
| APM avg | 33.7 |
| APM peak | 72 |
| eAPM avg | 18.2 |
| Villagers / military | 147 / 81 |
Focus
⚔️ 29.2% · 🌾 70.8%
Konnik ×31 · Scorpion ×23 · Militia ×11 · Scout Cavalry ×10 · Trebuchet (Packed) ×3 · Monk ×2
Feudal
11:10
Castle
14:58
Imperial
—
| APM avg | 35.3 |
| APM peak | 88 |
| eAPM avg | 21.4 |
| Villagers / military | 103 / 102 |
Focus
⚔️ 45.6% · 🌾 54.4%
Militia ×43 · Spearman ×35 · Battering Ram ×19 · Mangonel ×5
Feudal
11:30
Castle
15:20
Imperial
—
| APM avg | 43.0 |
| APM peak | 119 |
| eAPM avg | 23.0 |
| Villagers / military | 132 / 58 |
Focus
⚔️ 22.0% · 🌾 78.0%
Archer ×43 · Rattan Archer ×6 · Monk ×4 · Fire Lancer ×3 · Petard ×2
Feudal
12:23
Castle
16:18
Imperial
27:59
| APM avg | 32.6 |
| APM peak | 75 |
| eAPM avg | 21.9 |
| Villagers / military | 138 / 113 |
Focus
⚔️ 23.6% · 🌾 76.4%
Hand Cannoneer ×103 · Bombard Cannon ×10
Feudal
10:31
Castle
14:31
Imperial
31:31
| APM avg | 36.4 |
| APM peak | 80 |
| eAPM avg | 21.3 |
| Villagers / military | 141 / 71 |
Focus
⚔️ 30.5% · 🌾 69.5%
Spearman ×59 · Scout Cavalry ×7 · Trebuchet (Packed) ×4 · Huskarl ×1
Feudal
—
Castle
—
Imperial
—
| APM avg | 21.7 |
| APM peak | 67 |
| eAPM avg | 16.8 |
| Villagers / military | 133 / 94 |
Focus
⚔️ 21.1% · 🌾 78.9%
Cataphract ×45 · Camel Scout ×23 · Spearman ×21 · Monk ×3 · Battering Ram ×2
Feudal
10:59
Castle
16:09
Imperial
32:47
| APM avg | 31.6 |
| APM peak | 66 |
| eAPM avg | 17.5 |
| Villagers / military | 136 / 108 |
Focus
⚔️ 19.1% · 🌾 80.9%
Scout Cavalry ×65 · Mameluke ×40 · Trebuchet (Packed) ×3
Feudal
12:04
Castle
15:44
Imperial
34:25
| APM avg | 21.1 |
| APM peak | 60 |
| eAPM avg | 14.5 |
| Villagers / military | 124 / 56 |
Focus
⚔️ 28.8% · 🌾 71.2%
Spearman ×25 · Kamayuk ×24 · Unknown (2550) ×11 · Trebuchet (Packed) ×5 · Battering Ram ×2
Match map
Initial resources + every placement click. Lines = walls · curves = elevation contours. ◆ gold · ⬟ stone · ● berries · ✦ relic · ◌ wall gap
Your base· ✓ Closed at 16:39 · 0t walls · 3 gate(s)
siggi7's base· ✓ Closed at 14:58 · 0t walls · 3 gate(s)
amityy's base· ✓ Closed at 15:20 · 0t walls · 2 gate(s)
Feijao's base· ✓ Closed at 16:18 · 0t walls · 2 gate(s)
raphael.foscarini's base· ✓ Closed at 14:31 · 0t walls · 3 gate(s)
Jumilka5029's base· ✓ Closed at 13:17 · 0t walls · 3 gate(s)
Modjo's base· ✓ Closed at 16:09 · 0t walls · 2 gate(s)
Adolf Mir's base· ✓ Closed at 15:44 · 9t walls · 4 gate(s)
Smoothed initial terrain · ◌ = detected wall gap · hover for details
Inputs per minute
— jf_Kratos - - siggi7
Build order — jf_Kratos
First 150 of 358 actions detected
| 0:02 | Build | House |
| 0:03 | Create | Villager (Male) ×4 |
| 0:04 | Build | House |
| 1:24 | Create | Villager (Male) |
| 1:24 | Create | Villager (Male) |
| 2:10 | Create | Villager (Male) |
| 2:10 | Create | Villager (Male) |
| 2:25 | Build | Lumber Camp |
| 2:26 | Create | Villager (Male) |
| 2:26 | Create | Villager (Male) |
| 2:46 | Create | Villager (Male) |
| 3:03 | Create | Villager (Male) |
| 3:25 | Create | Villager (Male) |
| 4:02 | Build | House |
| 4:04 | Build | House |
| 4:05 | Create | Villager (Male) |
| 4:05 | Create | Villager (Male) |
| 4:35 | Create | Villager (Male) |
| 4:35 | Create | Villager (Male) |
| 4:37 | Create | Villager (Male) |
| 4:38 | Create | Villager (Male) |
| 4:47 | Build | Mill |
| 5:19 | Create | Villager (Male) |
| 5:19 | Create | Villager (Male) |
| 5:20 | Create | Villager (Male) |
| 6:16 | Create | Villager (Male) |
| 6:36 | Create | Villager (Male) |
| 6:56 | Build | Lumber Camp |
| 6:57 | Create | Villager (Male) |
| 6:57 | Create | Villager (Male) |
| 6:57 | Create | Villager (Male) |
| 6:58 | Create | Villager (Male) |
| 7:21 | Build | House |
| 7:23 | Build | House |
| 8:17 | Create | Villager (Male) |
| 8:27 | Create | Villager (Male) |
| 9:00 | Build | Mining Camp |
| 9:11 | Create | Villager (Male) |
| 9:47 | Research | Feudal Age |
| 9:53 | Build | Mining Camp |
| 11:09 | Create | Villager (Male) |
| 11:50 | Create | Villager (Male) |
| 11:57 | Age | Feudal Age |
| 12:02 | Build | Market |
| 12:05 | Build | Blacksmith |
| 12:50 | Create | Villager (Male) |
| 13:14 | Create | Villager (Male) |
| 13:59 | Research | Castle Age |
| 14:51 | Research | Horse Collar |
| 15:48 | Build | Farm |
| 15:50 | Build | Farm |
| 15:53 | Research | Double-Bit Axe |
| 15:58 | Build | Farm |
| 15:58 | Build | Farm |
| 15:59 | Build | Farm |
| 16:25 | Build | Farm |
| 16:39 | Age | Castle Age |
| 16:41 | Build | Town Center |
| 16:44 | Build | Town Center |
| 16:47 | Build | Monastery |
| 16:54 | Create | Villager (Male) |
| 16:57 | Build | Farm |
| 17:03 | Build | Farm |
| 17:05 | Build | Farm |
| 17:08 | Build | Farm |
| 17:14 | Create | Villager (Male) |
| 17:19 | Research | Loom |
| 17:30 | Create | Monk |
| 17:46 | Build | Farm |
| 17:50 | Build | Farm |
| 17:53 | Create | Villager (Male) |
| 17:59 | Build | House |
| 18:00 | Build | House |
| 18:01 | Build | House |
| 18:07 | Build | House |
| 18:08 | Build | House |
| 18:10 | Create | Villager (Male) |
| 18:11 | Create | Villager (Male) |
| 18:13 | Create | Villager (Male) |
| 18:33 | Create | Villager (Male) |
| 18:34 | Create | Villager (Male) |
| 18:39 | Create | Villager (Male) |
| 18:40 | Create | Villager (Male) |
| 18:43 | Build | House |
| 18:46 | Create | Villager (Male) |
| 18:46 | Create | Villager (Male) |
| 18:46 | Create | Villager (Male) |
| 19:06 | Create | Monk |
| 19:08 | Create | Villager (Male) |
| 19:08 | Create | Villager (Male) |
| 19:08 | Create | Villager (Male) |
| 19:08 | Create | Villager (Male) |
| 19:10 | Create | Villager (Male) |
| 19:14 | Build | Farm |
| 19:15 | Build | Farm |
| 19:15 | Build | Farm |
| 19:15 | Build | Farm |
| 19:16 | Build | Farm |
| 19:23 | Build | Farm |
| 19:34 | Create | Villager (Male) |
| 19:42 | Build | Farm |
| 19:42 | Build | Farm |
| 19:42 | Build | Farm |
| 19:43 | Build | Farm |
| 19:43 | Build | Farm |
| 19:46 | Create | Villager (Male) |
| 19:46 | Create | Villager (Male) |
| 19:51 | Build | Farm |
| 20:02 | Research | Fervor |
| 20:03 | Create | Villager (Male) |
| 20:07 | Create | Villager (Male) |
| 20:07 | Create | Villager (Male) |
| 20:12 | Build | House |
| 20:13 | Build | House |
| 20:14 | Build | House |
| 20:16 | Create | Villager (Male) |
| 20:24 | Build | Farm |
| 20:24 | Build | Farm |
| 20:25 | Build | Farm |
| 20:37 | Create | Villager (Male) |
| 20:53 | Build | Siege Workshop |
| 20:59 | Create | Villager (Male) |
| 21:00 | Create | Villager (Male) |
| 21:00 | Create | Villager (Male) |
| 21:00 | Create | Villager (Male) |
| 21:17 | Create | Villager (Male) |
| 21:21 | Create | Villager (Male) |
| 21:31 | Build | Barracks |
| 21:33 | Create | Villager (Male) |
| 21:52 | Create | Villager (Male) |
| 21:58 | Create | Villager (Male) |
| 21:59 | Create | Villager (Male) |
| 21:59 | Create | Villager (Male) |
| 22:00 | Create | Villager (Male) |
| 22:00 | Create | Villager (Male) |
| 22:00 | Create | Villager (Male) |
| 22:05 | Build | House |
| 22:06 | Build | House |
| 22:09 | Create | Villager (Male) |
| 22:09 | Create | Villager (Male) |
| 22:24 | Create | Scorpion |
| 22:25 | Create | Villager (Male) |
| 22:25 | Create | Villager (Male) |
| 22:40 | Create | Villager (Male) |
| 22:41 | Create | Villager (Male) |
| 22:41 | Create | Villager (Male) |
| 23:10 | Create | Scorpion |
| 23:11 | Create | Villager (Male) |
| 23:11 | Create | Villager (Male) |
| 23:26 | Create | Villager (Male) |
Build order — siggi7
First 150 of 323 actions detected
| 0:02 | Create | Villager (Male) |
| 0:02 | Create | Villager (Male) |
| 0:03 | Build | House |
| 0:05 | Build | House |
| 0:56 | Create | Villager (Male) |
| 0:56 | Create | Villager (Male) |
| 0:56 | Create | Villager (Male) |
| 1:42 | Create | Villager (Male) |
| 1:51 | Build | Lumber Camp |
| 2:05 | Create | Villager (Male) |
| 2:33 | Create | Villager (Male) |
| 2:58 | Create | Villager (Male) |
| 3:12 | Build | House |
| 3:28 | Create | Villager (Male) |
| 3:53 | Create | Villager (Male) |
| 4:22 | Create | Villager (Male) |
| 4:30 | Build | Mill |
| 4:49 | Create | Villager (Male) |
| 4:49 | Create | Villager (Male) |
| 5:10 | Create | Villager (Male) |
| 5:26 | Build | House |
| 5:33 | Create | Villager (Male) |
| 6:01 | Create | Villager (Male) |
| 6:09 | Build | Farm |
| 6:22 | Create | Villager (Male) |
| 6:52 | Create | Villager (Male) |
| 7:20 | Create | Villager (Male) |
| 7:34 | Create | Villager (Male) |
| 7:45 | Create | Villager (Male) |
| 7:52 | Build | Farm |
| 8:12 | Create | Villager (Male) |
| 8:45 | Build | Barracks |
| 8:51 | Build | Barracks |
| 8:56 | Build | Barracks |
| 9:00 | Research | Feudal Age |
| 9:18 | Build | Mining Camp |
| 9:22 | Create | Villager (Male) |
| 9:57 | Build | House |
| 10:00 | Build | House |
| 11:10 | Age | Feudal Age |
| 11:16 | Build | Market |
| 11:18 | Build | Blacksmith |
| 11:26 | Create | Villager (Male) |
| 11:46 | Build | House |
| 12:18 | Research | Castle Age |
| 13:00 | Research | Double-Bit Axe |
| 13:05 | Build | Farm |
| 13:07 | Build | Farm |
| 13:17 | Build | Farm |
| 13:23 | Research | Horse Collar |
| 13:32 | Research | Gold Mining |
| 14:00 | Create | Militia |
| 14:07 | Build | Farm |
| 14:14 | Build | Farm |
| 14:21 | Create | Militia |
| 14:36 | Research | Scale Mail Armor |
| 14:41 | Create | Villager (Male) |
| 14:58 | Age | Castle Age |
| 15:08 | Build | Siege Workshop |
| 15:17 | Create | Villager (Male) |
| 15:17 | Create | Villager (Male) |
| 15:21 | Research | Man-at-Arms (upgrade) |
| 15:29 | Create | Spearman |
| 15:51 | Create | Spearman |
| 16:06 | Create | Spearman |
| 16:07 | Create | Villager (Male) |
| 16:09 | Create | Battering Ram |
| 16:10 | Create | Battering Ram |
| 16:26 | Research | Long Swordsman (upgrade) |
| 16:26 | Create | Militia |
| 16:39 | Build | Farm |
| 16:44 | Create | Villager (Male) |
| 17:02 | Build | Farm |
| 17:09 | Create | Villager (Male) |
| 17:16 | Create | Villager (Male) |
| 17:20 | Create | Battering Ram |
| 17:29 | Research | Town Watch |
| 17:38 | Build | House |
| 17:39 | Build | House |
| 17:43 | Build | House |
| 17:44 | Build | House |
| 17:48 | Research | Horse Collar |
| 17:57 | Create | Militia |
| 18:01 | Create | Militia |
| 18:10 | Create | Villager (Male) |
| 18:26 | Build | House |
| 18:29 | Build | Farm |
| 18:30 | Build | Farm |
| 18:34 | Create | Battering Ram |
| 18:45 | Create | Villager (Male) |
| 18:46 | Create | Villager (Male) |
| 18:47 | Create | Villager (Male) |
| 18:54 | Build | Farm |
| 18:55 | Build | Farm |
| 19:02 | Create | Militia |
| 19:14 | Create | Villager (Male) |
| 19:21 | Build | Farm |
| 19:30 | Create | Villager (Male) |
| 19:43 | Create | Militia |
| 19:57 | Create | Battering Ram |
| 19:59 | Create | Militia |
| 20:06 | Create | Militia |
| 20:14 | Create | Militia |
| 20:16 | Research | Loom |
| 20:24 | Build | Farm |
| 20:25 | Build | Farm |
| 20:32 | Create | Militia |
| 20:45 | Research | Chain Mail Armor |
| 20:46 | Research | Chain Mail Armor |
| 20:55 | Create | Villager (Male) |
| 20:55 | Create | Villager (Male) |
| 20:59 | Build | House |
| 20:59 | Build | House |
| 21:12 | Build | Barracks |
| 21:17 | Create | Villager (Male) |
| 21:18 | Create | Villager (Male) |
| 21:21 | Create | Militia |
| 21:35 | Create | Militia |
| 21:39 | Create | Villager (Male) |
| 22:13 | Create | Battering Ram |
| 22:26 | Create | Militia |
| 22:30 | Create | Militia |
| 22:41 | Create | Militia |
| 22:42 | Create | Militia |
| 22:42 | Create | Villager (Male) |
| 22:55 | Build | House |
| 22:56 | Build | House |
| 22:57 | Build | Outpost |
| 22:58 | Create | Villager (Male) |
| 22:59 | Create | Battering Ram |
| 23:06 | Build | Farm |
| 23:26 | Create | Militia |
| 23:55 | Create | Villager (Male) |
| 23:55 | Create | Villager (Male) |
| 24:14 | Create | Battering Ram |
| 24:15 | Create | Villager (Male) |
| 24:15 | Create | Villager (Male) |
| 24:23 | Create | Battering Ram |
| 24:29 | Build | Siege Workshop |
| 24:30 | Create | Villager (Male) |
| 24:31 | Create | Militia |
| 24:31 | Create | Militia |
| 24:45 | Create | Militia |
| 24:52 | Create | Villager (Male) |
| 24:53 | Create | Villager (Male) |
| 25:19 | Create | Battering Ram |
| 25:22 | Create | Militia |
| 25:22 | Create | Militia |
| 25:35 | Create | Battering Ram |
| 25:45 | Create | Militia |
Build order — amityy
First 150 of 306 actions detected
| 0:01 | Create | Villager (Male) |
| 0:01 | Create | Villager (Male) |
| 0:01 | Create | Villager (Male) |
| 0:02 | Build | House |
| 0:03 | Build | House |
| 0:15 | Create | Villager (Male) |
| 1:32 | Create | Villager (Male) |
| 1:50 | Build | Lumber Camp |
| 2:03 | Create | Villager (Male) |
| 2:17 | Create | Villager (Male) |
| 2:52 | Create | Villager (Male) |
| 3:27 | Create | Villager (Male) |
| 3:50 | Create | Villager (Male) |
| 4:19 | Create | Villager (Male) |
| 4:44 | Create | Villager (Male) |
| 4:46 | Build | House |
| 5:20 | Build | Mill |
| 5:31 | Create | Villager (Male) |
| 5:59 | Create | Villager (Male) |
| 6:24 | Build | Farm |
| 6:30 | Build | Farm |
| 6:32 | Build | Farm |
| 6:35 | Create | Villager (Male) |
| 6:55 | Build | House |
| 7:03 | Create | Villager (Male) |
| 7:35 | Create | Villager (Male) |
| 8:02 | Create | Villager (Male) |
| 8:22 | Create | Villager (Male) |
| 8:28 | Create | Villager (Male) |
| 8:56 | Build | Mining Camp |
| 9:05 | Build | Farm |
| 9:20 | Research | Feudal Age |
| 9:52 | Build | Mill |
| 10:55 | Build | House |
| 11:22 | Create | Villager (Male) |
| 11:23 | Create | Villager (Male) |
| 11:30 | Age | Feudal Age |
| 11:34 | Build | Blacksmith |
| 11:53 | Build | Market |
| 12:40 | Research | Castle Age |
| 12:54 | Research | Double-Bit Axe |
| 12:55 | Research | Horse Collar |
| 13:33 | Build | Farm |
| 13:38 | Build | Farm |
| 14:35 | Build | House |
| 14:43 | Build | House |
| 14:48 | Build | House |
| 14:54 | Build | House |
| 15:20 | Age | Castle Age |
| 15:26 | Build | Town Center |
| 15:43 | Create | Villager (Male) |
| 15:43 | Create | Villager (Male) |
| 15:58 | Build | Town Center |
| 16:22 | Create | Villager (Male) |
| 16:22 | Create | Villager (Male) |
| 16:42 | Research | Bow Saw |
| 16:44 | Research | Heavy Plow |
| 17:07 | Create | Villager (Male) |
| 17:25 | Create | Villager (Male) |
| 17:27 | Create | Villager (Male) |
| 17:31 | Create | Villager (Male) |
| 17:33 | Research | Wheelbarrow |
| 17:49 | Create | Villager (Male) |
| 18:02 | Create | Villager (Male) |
| 18:02 | Create | Villager (Male) |
| 18:15 | Create | Villager (Male) |
| 18:20 | Build | Monastery |
| 18:24 | Create | Villager (Male) |
| 18:28 | Build | Farm |
| 18:34 | Build | Farm |
| 18:35 | Build | Farm |
| 18:36 | Build | Farm |
| 18:38 | Build | Farm |
| 18:40 | Create | Villager (Male) |
| 18:57 | Create | Villager (Male) |
| 19:00 | Build | Farm |
| 19:02 | Build | Farm |
| 19:05 | Build | Farm |
| 19:08 | Create | Villager (Male) |
| 19:15 | Build | House |
| 19:18 | Create | Monk |
| 19:28 | Create | Villager (Male) |
| 19:29 | Build | Farm |
| 19:41 | Create | Villager (Male) |
| 19:41 | Create | Villager (Male) |
| 20:01 | Create | Villager (Male) |
| 20:01 | Create | Villager (Male) |
| 20:03 | Build | Farm |
| 20:07 | Build | Farm |
| 20:12 | Build | Farm |
| 20:16 | Create | Villager (Male) |
| 20:16 | Create | Villager (Male) |
| 20:18 | Create | Villager (Male) |
| 20:40 | Build | Castle |
| 20:44 | Build | Castle |
| 20:50 | Create | Villager (Male) |
| 20:58 | Build | Farm |
| 20:59 | Build | Farm |
| 21:01 | Build | Farm |
| 21:18 | Research | Loom |
| 21:20 | Create | Villager (Male) |
| 21:21 | Create | Villager (Male) |
| 21:21 | Create | Villager (Male) |
| 21:56 | Create | Rattan Archer |
| 21:59 | Create | Petard |
| 22:21 | Create | Petard |
| 22:51 | Create | Villager (Male) |
| 22:52 | Create | Villager (Male) |
| 23:06 | Create | Monk |
| 23:13 | Create | Villager (Male) |
| 23:13 | Create | Villager (Male) |
| 23:27 | Create | Villager (Male) |
| 23:27 | Create | Villager (Male) |
| 23:28 | Create | Villager (Male) |
| 23:28 | Create | Villager (Male) |
| 24:03 | Create | Villager (Male) |
| 24:28 | Create | Villager (Male) |
| 24:28 | Create | Villager (Male) |
| 24:41 | Build | Lumber Camp |
| 24:44 | Build | Farm |
| 24:49 | Create | Monk |
| 24:51 | Create | Villager (Male) |
| 25:29 | Create | Villager (Male) |
| 25:30 | Create | Villager (Male) |
| 25:30 | Create | Villager (Male) |
| 25:30 | Create | Villager (Male) |
| 25:30 | Create | Villager (Male) |
| 25:31 | Create | Villager (Male) |
| 25:54 | Create | Villager (Male) |
| 25:54 | Create | Villager (Male) |
| 25:55 | Create | Villager (Male) |
| 25:58 | Build | House |
| 26:03 | Build | House |
| 26:08 | Build | House |
| 26:09 | Build | House |
| 26:09 | Build | House |
| 26:43 | Create | Monk |
| 27:07 | Create | Villager (Male) |
| 27:08 | Create | Villager (Male) |
| 27:08 | Create | Villager (Male) |
| 27:10 | Create | Villager (Male) ×3 |
| 27:20 | Build | House |
| 27:21 | Build | House |
| 27:22 | Build | House |
| 27:25 | Build | Farm |
| 27:29 | Build | House |
| 27:29 | Build | House |
| 27:30 | Build | House |
| 27:30 | Build | House |
| 27:33 | Create | Villager (Male) |
Build order — Feijao
First 150 of 406 actions detected
| 0:01 | Create | Villager (Male) |
| 0:02 | Create | Villager (Male) |
| 0:02 | Create | Villager (Male) |
| 0:03 | Build | House |
| 0:04 | Build | House |
| 0:10 | Create | Villager (Male) |
| 1:23 | Create | Villager (Male) |
| 1:23 | Create | Villager (Male) |
| 1:58 | Create | Villager (Male) |
| 1:58 | Create | Villager (Male) |
| 2:16 | Create | Villager (Male) |
| 2:16 | Create | Villager (Male) |
| 2:44 | Create | Villager (Male) |
| 2:44 | Create | Villager (Male) |
| 2:55 | Create | Villager (Male) |
| 2:55 | Create | Villager (Male) |
| 3:01 | Build | Lumber Camp |
| 3:27 | Create | Villager (Male) |
| 3:43 | Create | Villager (Male) |
| 4:00 | Research | Double-Bit Axe |
| 4:09 | Create | Villager (Male) |
| 4:44 | Create | Villager (Male) |
| 4:44 | Create | Villager (Male) |
| 4:47 | Research | Loom |
| 4:48 | Research | Loom |
| 4:49 | Build | House |
| 4:57 | Create | Villager (Male) |
| 5:26 | Create | Villager (Male) |
| 5:28 | Build | House |
| 5:36 | Build | Mill |
| 6:01 | Create | Villager (Male) |
| 6:08 | Create | Villager (Male) |
| 6:08 | Create | Villager (Male) |
| 6:31 | Build | Mill |
| 6:45 | Create | Villager (Male) |
| 7:06 | Create | Villager (Male) |
| 7:22 | Build | House |
| 7:27 | Build | House |
| 7:31 | Create | Villager (Male) |
| 7:47 | Create | Villager (Male) |
| 8:15 | Create | Villager (Male) |
| 8:36 | Create | Villager (Male) |
| 8:40 | Research | Horse Collar |
| 8:58 | Create | Villager (Male) |
| 8:58 | Create | Villager (Male) |
| 9:03 | Build | Farm |
| 9:07 | Build | Farm |
| 9:08 | Build | Farm |
| 9:15 | Build | Farm |
| 9:42 | Build | Farm |
| 9:52 | Research | Feudal Age |
| 9:52 | Research | Feudal Age |
| 10:20 | Build | Mining Camp |
| 10:26 | Build | Farm |
| 10:42 | Build | Farm |
| 10:57 | Build | Farm |
| 11:06 | Build | Farm |
| 11:28 | Build | Farm |
| 12:05 | Create | Villager (Male) |
| 12:05 | Create | Villager (Male) |
| 12:23 | Age | Feudal Age |
| 12:28 | Build | Market |
| 13:09 | Build | Blacksmith |
| 13:38 | Research | Castle Age |
| 13:39 | Research | Castle Age |
| 13:54 | Research | Bow Saw |
| 14:33 | Research | Gold Mining |
| 14:33 | Research | Gold Mining |
| 15:37 | Research | Gold Shaft Mining |
| 15:46 | Research | Wheelbarrow |
| 16:18 | Age | Castle Age |
| 16:24 | Build | Town Center |
| 16:27 | Research | Two-Man Saw |
| 16:49 | Build | Farm |
| 17:00 | Create | Villager (Male) |
| 17:00 | Create | Villager (Male) |
| 17:06 | Build | Farm |
| 17:15 | Build | House |
| 17:43 | Create | Villager (Male) |
| 17:44 | Create | Villager (Male) |
| 17:53 | Build | Farm |
| 17:57 | Build | House |
| 18:01 | Create | Villager (Male) |
| 18:01 | Create | Villager (Male) |
| 18:16 | Research | Hand Cart |
| 18:38 | Build | Town Center |
| 18:43 | Create | Villager (Male) |
| 18:44 | Create | Villager (Male) |
| 18:49 | Build | House |
| 18:51 | Build | House |
| 18:54 | Create | Villager (Male) |
| 18:55 | Create | Villager (Male) |
| 19:33 | Create | Villager (Male) |
| 19:35 | Build | Farm |
| 19:39 | Build | Farm |
| 19:51 | Create | Villager (Male) |
| 19:54 | Build | Farm |
| 19:56 | Build | House |
| 19:57 | Build | House |
| 20:03 | Create | Villager (Male) |
| 20:04 | Create | Villager (Male) |
| 20:07 | Build | Farm |
| 20:12 | Create | Villager (Male) |
| 20:23 | Build | House |
| 20:27 | Create | Villager (Male) |
| 20:28 | Create | Villager (Male) |
| 20:28 | Create | Villager (Male) |
| 20:30 | Build | Farm |
| 20:32 | Build | Farm |
| 20:35 | Build | Farm |
| 20:39 | Create | Villager (Male) |
| 20:40 | Create | Villager (Male) |
| 20:40 | Create | Villager (Male) |
| 20:54 | Build | Farm |
| 21:02 | Build | Farm |
| 21:10 | Create | Villager (Male) |
| 21:10 | Create | Villager (Male) |
| 21:11 | Create | Villager (Male) |
| 21:17 | Build | House |
| 21:27 | Build | Farm |
| 21:27 | Build | Farm |
| 21:36 | Build | Farm |
| 21:41 | Build | House |
| 21:42 | Create | Villager (Male) |
| 21:43 | Create | Villager (Male) |
| 21:44 | Create | Villager (Male) |
| 21:47 | Build | Farm |
| 21:51 | Create | Villager (Male) |
| 21:52 | Create | Villager (Male) |
| 21:58 | Build | Lumber Camp |
| 22:04 | Build | Farm |
| 22:04 | Build | Farm |
| 22:09 | Build | Farm |
| 22:09 | Build | Farm |
| 22:14 | Build | Farm |
| 22:16 | Create | Villager (Male) |
| 22:23 | Create | Villager (Male) |
| 22:24 | Create | Villager (Male) |
| 22:27 | Create | Villager (Male) |
| 22:28 | Build | Farm |
| 22:39 | Create | Villager (Male) |
| 22:39 | Create | Villager (Male) |
| 22:40 | Create | Villager (Male) |
| 22:40 | Create | Villager (Male) |
| 22:41 | Build | Farm |
| 22:48 | Build | House |
| 22:55 | Build | Farm |
| 22:57 | Build | Farm |
| 23:01 | Create | Villager (Male) |
| 23:01 | Create | Villager (Male) |
Build order — raphael.foscarini
First 150 of 369 actions detected
| 0:01 | Create | Villager (Male) |
| 0:01 | Create | Villager (Male) |
| 0:01 | Create | Villager (Male) |
| 0:01 | Create | Villager (Male) |
| 0:02 | Create | Villager (Male) |
| 0:03 | Build | House |
| 0:05 | Build | House |
| 1:27 | Create | Villager (Male) |
| 1:27 | Create | Villager (Male) |
| 2:01 | Build | Lumber Camp |
| 2:03 | Create | Villager (Male) |
| 2:04 | Create | Villager (Male) |
| 2:26 | Create | Villager (Male) |
| 2:27 | Create | Villager (Male) |
| 2:44 | Create | Villager (Male) |
| 2:44 | Create | Villager (Male) |
| 3:15 | Create | Villager (Male) |
| 3:36 | Create | Villager (Male) |
| 3:37 | Create | Villager (Male) |
| 3:55 | Build | House |
| 4:04 | Create | Villager (Male) |
| 4:13 | Create | Villager (Male) |
| 4:38 | Create | Villager (Male) |
| 4:38 | Create | Villager (Male) |
| 4:59 | Create | Villager (Male) |
| 5:48 | Create | Villager (Male) |
| 5:53 | Build | Mill |
| 6:06 | Build | House |
| 6:10 | Create | Villager (Male) |
| 6:21 | Create | Villager (Male) |
| 6:53 | Create | Villager (Male) |
| 7:24 | Create | Villager (Male) |
| 7:54 | Create | Villager (Male) |
| 8:10 | Build | Mining Camp |
| 8:14 | Research | Feudal Age |
| 8:30 | Build | House |
| 9:09 | Create | Villager (Male) |
| 9:10 | Create | Villager (Male) |
| 10:14 | Build | Barracks |
| 10:31 | Age | Feudal Age |
| 10:38 | Build | Blacksmith |
| 11:04 | Build | Stable |
| 11:51 | Research | Castle Age |
| 11:52 | Create | Scout Cavalry |
| 11:52 | Create | Scout Cavalry |
| 12:12 | Research | Double-Bit Axe |
| 12:20 | Build | Farm |
| 12:55 | Create | Scout Cavalry |
| 13:10 | Build | Farm |
| 13:29 | Build | Farm |
| 13:32 | Build | Farm |
| 13:35 | Create | Villager (Male) |
| 13:50 | Build | Farm |
| 13:54 | Build | Farm |
| 14:14 | Create | Scout Cavalry |
| 14:31 | Age | Castle Age |
| 14:37 | Research | Light Cavalry (upgrade) |
| 14:38 | Create | Villager (Male) |
| 14:48 | Build | Town Center |
| 15:05 | Create | Villager (Male) |
| 15:05 | Create | Villager (Male) |
| 15:21 | Create | Villager (Male) |
| 15:25 | Build | House |
| 15:38 | Build | Farm |
| 15:39 | Build | Farm |
| 15:48 | Create | Scout Cavalry |
| 16:32 | Build | House |
| 16:36 | Build | House |
| 16:43 | Build | House |
| 16:46 | Build | House |
| 16:54 | Create | Scout Cavalry |
| 16:54 | Create | Scout Cavalry |
| 17:02 | Create | Villager (Male) |
| 17:02 | Create | Villager (Male) |
| 17:04 | Build | Farm |
| 17:06 | Build | Farm |
| 17:07 | Build | Farm |
| 17:10 | Build | Farm |
| 17:10 | Build | Farm |
| 17:10 | Build | Farm |
| 17:10 | Build | Farm |
| 17:18 | Create | Villager (Male) |
| 17:19 | Create | Villager (Male) |
| 17:30 | Build | Lumber Camp |
| 17:50 | Build | Farm |
| 17:55 | Create | Villager (Male) |
| 17:55 | Create | Villager (Male) |
| 17:59 | Build | House |
| 18:07 | Build | House |
| 18:12 | Create | Villager (Male) |
| 18:13 | Create | Villager (Male) |
| 18:19 | Create | Villager (Male) |
| 18:20 | Create | Villager (Male) |
| 18:38 | Research | Bloodlines |
| 18:41 | Create | Villager (Male) |
| 18:42 | Create | Villager (Male) |
| 19:01 | Create | Villager (Male) |
| 19:01 | Create | Villager (Male) |
| 19:06 | Build | House |
| 19:10 | Build | House |
| 19:10 | Build | House |
| 19:10 | Build | House |
| 19:11 | Build | House |
| 19:11 | Build | House |
| 19:41 | Research | Forging |
| 19:42 | Create | Villager (Male) |
| 19:43 | Create | Villager (Male) |
| 20:10 | Create | Villager (Male) |
| 20:10 | Create | Villager (Male) |
| 20:15 | Build | Mill |
| 20:15 | Build | Farm |
| 20:15 | Build | Farm |
| 20:16 | Build | Farm |
| 20:16 | Build | Farm |
| 20:16 | Build | Farm |
| 20:16 | Build | Farm |
| 20:19 | Create | Villager (Male) |
| 20:19 | Create | Villager (Male) |
| 20:35 | Create | Villager (Male) |
| 20:35 | Create | Villager (Male) |
| 21:18 | Create | Villager (Male) |
| 21:18 | Create | Villager (Male) |
| 21:24 | Research | Horse Collar |
| 22:01 | Research | Husbandry |
| 22:05 | Create | Villager (Male) |
| 22:06 | Create | Villager (Male) |
| 22:08 | Build | Mill |
| 22:09 | Build | Farm |
| 22:09 | Build | Farm |
| 22:09 | Build | Farm |
| 22:10 | Build | Farm |
| 22:10 | Build | Farm |
| 22:10 | Build | Farm |
| 22:34 | Create | Villager (Male) |
| 22:34 | Create | Villager (Male) |
| 22:38 | Build | Mill |
| 22:38 | Build | Farm |
| 22:39 | Build | Farm |
| 22:39 | Build | Farm |
| 22:39 | Build | Farm |
| 22:39 | Build | Farm |
| 23:08 | Create | Villager (Male) |
| 23:09 | Build | Farm |
| 23:10 | Build | Farm |
| 23:11 | Create | Villager (Male) |
| 23:11 | Create | Villager (Male) |
| 23:28 | Create | Villager (Male) |
| 23:28 | Create | Villager (Male) |
| 23:32 | Build | Farm |
| 23:34 | Create | Villager (Male) |
Build order — Jumilka5029
First 150 of 456 actions detected
| 0:03 | Build | House |
| 0:03 | Create | Villager (Male) |
| 0:03 | Create | Villager (Male) |
| 0:04 | Create | Villager (Male) |
| 0:04 | Create | Villager (Male) |
| 0:08 | Build | House |
| 1:29 | Create | Villager (Male) |
| 1:49 | Build | Lumber Camp |
| 2:05 | Create | Villager (Male) |
| 2:21 | Create | Villager (Male) |
| 2:55 | Create | Villager (Male) |
| 3:10 | Create | Villager (Male) |
| 3:29 | Build | House |
| 3:30 | Build | House |
| 3:32 | Build | House |
| 3:45 | Create | Villager (Male) |
| 4:00 | Create | Villager (Male) |
| 4:16 | Create | Villager (Male) |
| 4:35 | Create | Villager (Male) |
| 4:36 | Create | Villager (Male) |
| 4:48 | Build | Mill |
| 5:10 | Create | Villager (Male) |
| 6:10 | Build | Mill |
| 6:11 | Create | Villager (Male) |
| 6:12 | Create | Villager (Male) |
| 6:12 | Create | Villager (Male) |
| 6:34 | Create | Villager (Male) |
| 6:35 | Create | Villager (Male) |
| 6:35 | Create | Villager (Male) |
| 6:48 | Create | Villager (Male) |
| 7:02 | Create | Villager (Male) |
| 7:04 | Create | Villager (Male) |
| 8:07 | Build | Mining Camp |
| 8:31 | Research | Feudal Age |
| 8:54 | Build | Lumber Camp |
| 9:16 | Build | Farm |
| 9:44 | Build | Farm |
| 10:03 | Build | Farm |
| 10:31 | Build | Farm |
| 10:34 | Build | Farm |
| 10:36 | Create | Villager (Male) |
| 10:36 | Create | Villager (Male) |
| 11:01 | Research | Wheelbarrow |
| 11:34 | Build | Blacksmith |
| 12:32 | Build | Market |
| 13:17 | Research | Castle Age |
| 13:25 | Research | Double-Bit Axe |
| 13:34 | Research | Horse Collar |
| 14:02 | Build | Barracks |
| 14:04 | Build | House |
| 14:05 | Build | House |
| 14:41 | Create | Villager (Male) |
| 14:51 | Research | Gold Mining |
| 14:54 | Create | Villager (Male) |
| 15:31 | Create | Spearman |
| 16:00 | Build | Town Center |
| 16:06 | Build | Monastery |
| 16:15 | Create | Villager (Male) |
| 16:19 | Create | Spearman |
| 16:32 | Build | Town Center |
| 16:36 | Create | Villager (Male) |
| 16:43 | Build | House |
| 16:47 | Research | Squires |
| 16:49 | Create | Spearman |
| 16:51 | Create | Villager (Male) |
| 16:54 | Build | Farm |
| 16:54 | Build | Farm |
| 16:56 | Create | Monk |
| 17:27 | Create | Spearman |
| 17:29 | Create | Villager (Male) |
| 17:29 | Create | Villager (Male) |
| 17:34 | Build | Stable |
| 17:45 | Research | Loom |
| 17:45 | Create | Villager (Male) |
| 17:56 | Build | Farm |
| 17:56 | Build | Farm |
| 18:03 | Create | Spearman |
| 18:27 | Create | Spearman |
| 18:36 | Build | Stable |
| 18:38 | Create | Camel Scout |
| 18:39 | Create | Camel Scout |
| 19:05 | Create | Camel Scout |
| 19:05 | Create | Camel Scout |
| 19:08 | Build | Farm |
| 19:08 | Build | Farm |
| 19:08 | Build | Farm |
| 19:09 | Build | Farm |
| 19:24 | Create | Villager (Male) |
| 19:26 | Create | Villager (Male) |
| 20:01 | Create | Camel Scout |
| 20:14 | Create | Camel Scout |
| 20:14 | Create | Camel Scout |
| 20:32 | Create | Camel Scout |
| 20:32 | Create | Camel Scout |
| 20:39 | Build | Farm |
| 20:40 | Build | Farm |
| 20:41 | Build | Farm |
| 20:41 | Build | Farm |
| 20:41 | Build | Farm |
| 21:00 | Create | Camel Scout |
| 21:00 | Create | Camel Scout |
| 21:14 | Create | Villager (Male) |
| 21:14 | Create | Villager (Male) |
| 21:55 | Research | Forging |
| 21:56 | Create | Villager (Male) |
| 21:57 | Create | Villager (Male) |
| 22:12 | Create | Villager (Male) |
| 22:13 | Create | Villager (Male) |
| 22:33 | Build | Farm |
| 22:33 | Build | Farm |
| 22:34 | Build | Farm |
| 22:34 | Build | Farm |
| 22:39 | Create | Villager (Male) |
| 22:39 | Create | Villager (Male) |
| 22:39 | Create | Villager (Male) |
| 22:46 | Build | Gate |
| 22:49 | Build | House |
| 23:11 | Create | Villager (Male) |
| 23:11 | Create | Villager (Male) |
| 23:11 | Create | Villager (Male) |
| 23:15 | Create | Monk |
| 23:17 | Research | Fervor |
| 23:18 | Create | Villager (Male) |
| 23:34 | Create | Villager (Male) |
| 23:47 | Create | Villager (Male) |
| 23:47 | Create | Villager (Male) |
| 23:57 | Build | Farm |
| 23:57 | Build | Farm |
| 23:57 | Build | Farm |
| 23:58 | Build | Farm |
| 23:58 | Build | Farm |
| 23:58 | Build | Farm |
| 24:00 | Create | Villager (Male) |
| 24:00 | Create | Villager (Male) |
| 24:00 | Create | Villager (Male) |
| 24:05 | Build | House |
| 24:17 | Create | Spearman |
| 24:20 | Create | Villager (Male) |
| 24:28 | Build | House |
| 24:32 | Build | Farm |
| 24:32 | Build | Farm |
| 24:33 | Build | Farm |
| 24:33 | Build | Farm |
| 24:41 | Create | Villager (Male) |
| 24:41 | Create | Villager (Male) |
| 24:41 | Create | Villager (Male) |
| 24:41 | Create | Villager (Male) |
| 24:55 | Build | Outpost |
| 25:00 | Build | House |
| 25:01 | Create | Villager (Male) |
Build order — Modjo
First 150 of 322 actions detected
| 0:00 | Create | Villager (Male) |
| 0:02 | Build | House |
| 0:03 | Build | House |
| 0:17 | Create | Villager (Male) |
| 0:17 | Create | Villager (Male) |
| 0:17 | Create | Villager (Male) |
| 1:25 | Create | Villager (Male) |
| 1:59 | Build | Lumber Camp |
| 2:00 | Create | Villager (Male) |
| 2:19 | Create | Villager (Male) |
| 2:19 | Create | Villager (Male) |
| 2:43 | Create | Villager (Male) |
| 2:44 | Create | Villager (Male) |
| 2:57 | Create | Villager (Male) |
| 2:57 | Create | Villager (Male) |
| 3:25 | Build | House |
| 3:26 | Build | House |
| 3:29 | Create | Villager (Male) |
| 3:58 | Create | Villager (Male) |
| 3:59 | Create | Villager (Male) |
| 4:16 | Create | Villager (Male) |
| 4:16 | Create | Villager (Male) |
| 4:30 | Build | Mining Camp |
| 4:53 | Create | Villager (Male) |
| 4:53 | Create | Villager (Male) |
| 5:03 | Create | Villager (Male) |
| 5:03 | Create | Villager (Male) |
| 5:40 | Create | Villager (Male) |
| 6:05 | Create | Villager (Male) |
| 6:05 | Create | Villager (Male) |
| 6:28 | Build | Mill |
| 6:36 | Create | Villager (Male) |
| 6:36 | Create | Villager (Male) |
| 6:37 | Create | Villager (Male) |
| 6:37 | Create | Villager (Male) |
| 7:14 | Build | Mill |
| 7:41 | Create | Villager (Male) |
| 8:00 | Build | Mining Camp |
| 8:49 | Research | Feudal Age |
| 8:49 | Research | Feudal Age |
| 9:20 | Build | Farm |
| 9:21 | Build | Farm |
| 9:22 | Build | Farm |
| 9:46 | Create | Villager (Male) |
| 9:46 | Create | Villager (Male) |
| 9:49 | Build | House |
| 9:53 | Create | Villager (Male) |
| 9:53 | Create | Villager (Male) |
| 9:55 | Create | Villager (Male) |
| 10:08 | Build | Farm |
| 10:59 | Age | Feudal Age |
| 11:03 | Build | Market |
| 11:26 | Build | Blacksmith |
| 13:04 | Research | Loom |
| 13:13 | Research | Castle Age |
| 13:32 | Build | Lumber Camp |
| 13:38 | Research | Double-Bit Axe |
| 14:02 | Research | Horse Collar |
| 14:46 | Build | House |
| 15:05 | Build | Farm |
| 15:17 | Create | Villager (Male) |
| 15:18 | Create | Villager (Male) |
| 15:18 | Create | Villager (Male) |
| 15:23 | Build | House |
| 16:04 | Create | Villager (Male) |
| 16:09 | Age | Castle Age |
| 16:14 | Build | Town Center |
| 16:30 | Build | Town Center |
| 16:36 | Research | Bow Saw |
| 16:41 | Build | Farm |
| 16:51 | Build | Farm |
| 16:52 | Build | Farm |
| 16:53 | Build | Farm |
| 17:15 | Build | Castle |
| 17:28 | Create | Villager (Male) |
| 17:35 | Build | House |
| 17:36 | Build | House |
| 17:37 | Build | House |
| 17:39 | Build | House |
| 17:44 | Research | Wheelbarrow |
| 18:18 | Build | House |
| 18:25 | Build | House |
| 18:28 | Build | House |
| 18:33 | Create | Villager (Male) |
| 18:35 | Create | Villager (Male) |
| 18:38 | Create | Mameluke |
| 18:54 | Build | Farm |
| 18:55 | Build | Farm |
| 18:56 | Build | Farm |
| 19:16 | Create | Villager (Male) |
| 19:23 | Build | Farm |
| 19:23 | Build | Farm |
| 19:23 | Build | Farm |
| 19:24 | Build | Farm |
| 19:40 | Create | Mameluke |
| 19:53 | Create | Villager (Male) |
| 20:05 | Build | Farm |
| 20:06 | Build | Farm |
| 20:06 | Build | Farm |
| 20:06 | Build | Farm |
| 20:11 | Build | Farm |
| 20:12 | Create | Villager (Male) |
| 20:17 | Build | Farm |
| 20:24 | Create | Mameluke |
| 20:36 | Create | Villager (Male) |
| 21:12 | Research | Forging |
| 21:13 | Create | Mameluke |
| 21:26 | Create | Villager (Male) |
| 21:27 | Create | Villager (Male) |
| 21:29 | Create | Villager (Male) |
| 21:45 | Create | Mameluke |
| 21:47 | Create | Villager (Male) |
| 21:49 | Create | Villager (Male) |
| 22:06 | Create | Mameluke |
| 22:07 | Create | Villager (Male) |
| 22:11 | Build | Farm |
| 22:12 | Create | Villager (Male) |
| 22:15 | Build | Farm |
| 22:28 | Create | Mameluke |
| 22:30 | Create | Villager (Male) |
| 22:54 | Create | Villager (Male) |
| 22:55 | Create | Villager (Male) |
| 22:56 | Create | Villager (Male) |
| 22:59 | Build | Farm |
| 23:02 | Build | Farm |
| 23:02 | Create | Villager (Male) |
| 23:03 | Create | Villager (Male) |
| 23:19 | Research | Heavy Plow |
| 23:25 | Create | Villager (Male) |
| 23:25 | Create | Villager (Male) |
| 23:38 | Create | Villager (Male) |
| 23:39 | Create | Villager (Male) |
| 23:41 | Build | Farm |
| 23:43 | Create | Villager (Male) |
| 23:47 | Create | Villager (Male) |
| 23:48 | Create | Villager (Male) |
| 23:51 | Build | Farm |
| 24:02 | Create | Villager (Male) |
| 24:07 | Build | Farm |
| 24:08 | Build | Farm |
| 24:09 | Build | Farm |
| 24:11 | Create | Villager (Male) |
| 24:12 | Create | Villager (Male) |
| 24:32 | Create | Villager (Male) |
| 24:32 | Create | Villager (Male) |
| 24:33 | Create | Villager (Male) |
| 24:33 | Create | Villager (Male) |
| 24:46 | Create | Villager (Male) |
| 24:47 | Create | Villager (Male) |
| 24:51 | Build | Farm |
Build order — Adolf Mir
First 150 of 258 actions detected
| 0:01 | Create | Villager (Male) ×4 |
| 0:02 | Build | House |
| 1:25 | Create | Villager (Male) |
| 1:25 | Create | Villager (Male) |
| 1:54 | Create | Villager (Male) |
| 1:54 | Create | Villager (Male) |
| 1:58 | Build | Settlement |
| 2:20 | Create | Villager (Male) |
| 2:21 | Create | Villager (Male) |
| 3:04 | Create | Villager (Male) |
| 3:05 | Create | Villager (Male) |
| 3:05 | Create | Villager (Male) |
| 3:43 | Build | Palisade Gate |
| 3:51 | Build | Palisade Wall |
| 3:57 | Build | Palisade Wall |
| 4:02 | Build | Palisade Wall |
| 4:04 | Build | Palisade Wall |
| 4:11 | Build | Palisade Wall |
| 4:15 | Build | Palisade Wall |
| 4:22 | Build | Palisade Wall |
| 4:28 | Build | Palisade Gate |
| 4:36 | Build | Palisade Wall |
| 4:38 | Build | Palisade Wall |
| 4:53 | Create | Villager (Male) |
| 4:54 | Create | Villager (Male) ×5 |
| 5:56 | Build | Settlement |
| 6:05 | Create | Villager (Male) |
| 6:06 | Create | Villager (Male) |
| 7:24 | Create | Villager (Male) |
| 7:25 | Create | Villager (Male) |
| 7:25 | Create | Villager (Male) |
| 7:28 | Build | Settlement |
| 8:26 | Create | Villager (Male) |
| 8:26 | Create | Villager (Male) |
| 8:28 | Create | Villager (Male) |
| 8:28 | Create | Villager (Male) |
| 8:58 | Build | Farm |
| 9:37 | Build | Farm |
| 9:40 | Build | Farm |
| 9:41 | Research | Feudal Age |
| 9:58 | Create | Villager (Male) |
| 9:58 | Create | Villager (Male) |
| 10:26 | Build | Barracks |
| 10:32 | Build | House |
| 12:04 | Age | Feudal Age |
| 12:09 | Build | Blacksmith |
| 12:14 | Build | Market |
| 12:38 | Research | Double-Bit Axe |
| 13:03 | Build | Farm |
| 13:04 | Research | Castle Age |
| 13:07 | Research | Horse Collar |
| 13:17 | Create | Unit 2550 |
| 13:38 | Create | Unit 2550 |
| 14:08 | Build | Farm |
| 14:16 | Research | Gold Mining |
| 14:18 | Create | Villager (Male) |
| 14:49 | Research | Tech 1402 |
| 15:11 | Build | Farm |
| 15:32 | Create | Unit 2550 |
| 15:44 | Age | Castle Age |
| 15:49 | Build | Siege Workshop |
| 16:02 | Create | Unit 2550 |
| 16:06 | Create | Villager (Male) |
| 16:12 | Build | Farm |
| 16:14 | Build | Farm |
| 16:18 | Build | Farm |
| 16:20 | Build | Farm |
| 16:39 | Research | Tech 1351 |
| 16:50 | Build | Barracks |
| 16:58 | Create | Villager (Male) |
| 17:21 | Create | Battering Ram |
| 17:32 | Build | House |
| 17:43 | Research | Loom |
| 17:44 | Create | Villager (Male) |
| 17:45 | Create | Villager (Male) |
| 17:50 | Create | Unit 2550 |
| 18:08 | Create | Battering Ram |
| 18:14 | Research | Scale Mail Armor |
| 18:14 | Research | Scale Mail Armor |
| 18:19 | Build | Farm |
| 18:24 | Build | Farm |
| 18:25 | Build | Farm |
| 18:30 | Build | House |
| 18:45 | Create | Unit 2550 |
| 18:58 | Build | House |
| 19:11 | Create | Unit 2550 |
| 19:11 | Create | Unit 2550 |
| 19:13 | Create | Villager (Male) |
| 19:14 | Create | Villager (Male) |
| 19:38 | Create | Unit 2550 |
| 19:50 | Build | House |
| 19:52 | Create | Villager (Male) |
| 19:53 | Create | Villager (Male) |
| 19:57 | Build | Farm |
| 20:00 | Build | Farm |
| 20:16 | Create | Unit 2550 |
| 20:26 | Build | Palisade Wall |
| 20:26 | Build | Palisade Wall |
| 20:39 | Create | Unit 2550 |
| 20:43 | Research | Squires |
| 21:19 | Research | Forging |
| 22:02 | Create | Villager (Male) ×5 |
| 22:24 | Create | Villager (Male) |
| 22:28 | Build | Farm |
| 22:52 | Build | Town Center |
| 22:58 | Build | Town Center |
| 23:16 | Build | Town Center |
| 23:53 | Create | Villager (Male) |
| 24:04 | Build | House |
| 24:05 | Build | House |
| 24:07 | Build | House |
| 24:55 | Create | Villager (Male) ×5 |
| 24:57 | Create | Villager (Male) ×5 |
| 24:59 | Build | Farm |
| 25:00 | Build | Farm |
| 25:03 | Build | Farm |
| 25:06 | Create | Villager (Male) ×5 |
| 25:15 | Build | House |
| 25:16 | Build | House |
| 25:20 | Build | Farm |
| 25:22 | Build | Farm |
| 25:27 | Create | Villager (Male) ×3 |
| 25:31 | Build | Farm |
| 25:46 | Create | Villager (Male) |
| 25:57 | Create | Villager (Male) ×2 |
| 26:00 | Build | Farm |
| 26:01 | Build | Farm |
| 26:02 | Build | Farm |
| 26:09 | Build | Farm |
| 26:10 | Create | Villager (Male) |
| 26:16 | Build | House |
| 26:17 | Create | Villager (Male) |
| 26:27 | Create | Villager (Male) |
| 26:29 | Create | Villager (Male) |
| 26:33 | Build | Farm |
| 26:56 | Build | University |
| 27:00 | Create | Villager (Male) ×4 |
| 27:02 | Create | Villager (Male) |
| 27:22 | Build | Farm |
| 27:23 | Build | Farm |
| 27:24 | Build | Farm |
| 27:26 | Build | Farm |
| 27:31 | Research | Bow Saw |
| 27:31 | Research | Bow Saw |
| 27:32 | Research | Bow Saw |
| 27:41 | Build | Farm |
| 27:51 | Build | Farm |
| 27:56 | Build | Farm |
| 27:56 | Create | Villager (Male) ×5 |
| 28:03 | Build | House |
Match timeline
| 3:51 | Adolf Mir · wall_segment Palisade Wall x1 |
| 3:57 | Adolf Mir · wall_segment Palisade Wall x1 |
| 4:02 | Adolf Mir · wall_segment Palisade Wall x1 |
| 4:04 | Adolf Mir · wall_segment Palisade Wall x1 |
| 4:11 | Adolf Mir · wall_segment Palisade Wall x1 |
| 4:15 | Adolf Mir · wall_segment Palisade Wall x1 |
| 4:22 | Adolf Mir · wall_segment Palisade Wall x1 |
| 4:36 | Adolf Mir · wall_segment Palisade Wall x1 |
| 4:38 | Adolf Mir · wall_segment Palisade Wall x1 |
| 8:45 | siggi7 · first_building Barracks |
| 10:14 | raphael.foscarini · first_building Barracks |
| 10:26 | Adolf Mir · first_building Barracks |
| 10:31 | raphael.foscarini · age_up feudal |
| 10:59 | Modjo · age_up feudal |
| 11:04 | raphael.foscarini · first_building Stable |
| 11:10 | siggi7 · age_up feudal |
| 11:30 | amityy · age_up feudal |
| 11:57 | jf_Kratos · age_up feudal |
| 12:04 | Adolf Mir · age_up feudal |
| 12:23 | Feijao · age_up feudal |
| 13:17 | Feijao · first_market_buy 100 food |
| 14:02 | Jumilka5029 · first_building Barracks |
| 14:31 | raphael.foscarini · age_up castle |
| 14:58 | siggi7 · age_up castle |
| 15:08 | siggi7 · first_building Siege Workshop |
| 15:20 | amityy · age_up castle |
| 15:44 | Adolf Mir · age_up castle |
| 15:49 | Adolf Mir · first_building Siege Workshop |
| 16:06 | Jumilka5029 · first_building Monastery |
| 16:09 | Modjo · age_up castle |
| 16:18 | Feijao · age_up castle |
| 16:39 | jf_Kratos · age_up castle |
| 16:47 | jf_Kratos · first_building Monastery |
| 16:53 | jf_Kratos · first_market_buy 100 food |
| 17:15 | Modjo · first_building Castle |
| 17:29 | jf_Kratos · first_market_sell 100 wood |
| 17:34 | Jumilka5029 · first_building Stable |
| 18:20 | amityy · first_building Monastery |
| 20:25 | amityy · first_market_buy 100 stone |
| 20:26 | Adolf Mir · wall_segment Palisade Wall x1 |
| 20:26 | Adolf Mir · wall_segment Palisade Wall x1 |
| 20:32 | amityy · first_market_sell 100 wood |
| 20:40 | amityy · first_building Castle |
| 20:53 | jf_Kratos · first_building Siege Workshop |
| 21:31 | jf_Kratos · first_building Barracks |
| 23:05 | Adolf Mir · first_market_buy 100 stone |
| 23:52 | Feijao · first_building Siege Workshop |
| 24:08 | Feijao · first_building Barracks |
| 25:08 | Feijao · first_building Archery Range |
| 25:53 | jf_Kratos · first_building Castle |
| 25:53 | Jumilka5029 · first_building Siege Workshop |
| 26:00 | jf_Kratos · first_building Stable |
| 26:35 | jf_Kratos · wall_segment Stone Wall x6 |
| 26:51 | Modjo · first_building Barracks |
| 26:58 | Jumilka5029 · first_market_buy 100 wood |
| 27:11 | raphael.foscarini · first_building Monastery |
| 27:59 | Feijao · age_up imperial |
| 28:37 | amityy · first_building Barracks |
| 28:47 | Jumilka5029 · first_building Castle |
| 29:23 | amityy · first_building Archery Range |
| 29:59 | Modjo · first_building Stable |
| 30:04 | Adolf Mir · first_building Castle |
| 30:07 | raphael.foscarini · first_market_sell 500 food |
| 30:09 | raphael.foscarini · first_market_buy 500 stone |
| 30:20 | raphael.foscarini · first_building Castle |
| 30:49 | Modjo · first_market_sell 100 wood |
| 31:08 | jf_Kratos · age_up imperial |
| 31:15 | Feijao · first_market_sell 100 food |
| 31:31 | raphael.foscarini · age_up imperial |
| 32:47 | Modjo · age_up imperial |
| 34:24 | Feijao · first_building Castle |
| 34:25 | Adolf Mir · age_up imperial |
| 35:45 | Jumilka5029 · first_building Archery Range |
| 37:00 | siggi7 · first_building Castle |
| 38:27 | raphael.foscarini · resign |
| 39:28 | Adolf Mir · first_market_sell 100 food |
[ AI ANALYSIS · 1 CREDIT ]
What really happened in this match?
Wolo.gg analyzes every decision: build order, eco, micro, common mistakes by bracket. Personalized analysis on WhatsApp or Discord in 30 seconds.
Civ guide
Bulgarians
Perfil
Jugador #3311698